 Dungeon Crawl Stone Soup version 0.27.1-34-g3ba077fa99 (webtiles) character file.

Game seed: 1405078476354049991

93 iwittbrodt the Skirmisher (level 4, -1/41 HPs)
             Began as a Minotaur Fighter on Jan 26, 2022.
             Slain by Grinder (6 damage)
             ... on level 3 of the Dungeon.
             The game lasted 00:07:15 (1918 turns).

iwittbrodt the Skirmisher (Minotaur Fighter)        Turns: 1918, Time: 00:07:16

Health: -1/41      AC:  9    Str: 21    XL:     4   Next: 36%
Magic:  3/3        EV:  7    Int:  5    God:
Gold:   82         SH:  9    Dex: 10    Spells: 3/3 levels left

rFire    . . .     SeeInvis .   a - +0 long sword
rCold    . . .     Faith    .   c - +0 kite shield
rNeg     . . .     Spirit   .   b - +0 scale mail
rPois    .         Reflect  .   e - +2 hat
rElec    .         Harm     .   (no cloak)
rCorr    .         Rampage  .   (no gloves)
Will     .....                  (no boots)
Stlth    ..........             (no amulet)
HPRegen  0.13/turn              (no ring)
MPRegen  0.08/turn              (no ring)

@: mighty
A: horns 2, retaliatory headbutt
a: no special abilities


You were on level 3 of the Dungeon.
You visited 1 branch of the dungeon, and saw 3 of its levels.

You collected 82 gold pieces.

Inventory:

Hand Weapons
 a - a +0 long sword (weapon)
Missiles
 f - 13 stones (quivered)
 l - 25 arrows
Armour
 b - a +0 scale mail (worn)
 c - a +0 kite shield (worn)
 e - a +2 hat (worn)
Scrolls
 h - a scroll of amnesia {unknown}
 i - a scroll of fog {unknown}
 j - 2 scrolls of teleportation {unknown}
 k - a scroll of holy word {unknown}
 m - a scroll of identify {unknown}
Potions
 g - a potion of curing {unknown}
 n - a potion of mutation {unknown}
 o - a potion of haste {unknown}


   Skills:
 * Level 4.8 Fighting
 + Level 3.2 Long Blades
 + Level 4.3 Armour
 + Level 4.3 Shields


You had 3 spell levels left.
You didn't know any spells.
Your spell library contained the following spells:

 Spells                   Type           Power      Damage    Failure   Level
 Foxfire                  Conj/Fire      0%         2x1d4     99%         1


Dungeon Overview and Level Annotations

Branches:
Dungeon (3/15)

Altars:

Shops:
D:1 !

Annotations:
D:3 Grinder


Innate Abilities, Weirdness & Mutations

You have a pair of horns on your head.
You reflexively headbutt those who attack you in melee.


Message History

Found 12 gold pieces.
You now have 82 gold pieces (gained 12).
A ball python comes into view.
The ball python hisses angrily.
Grinder comes into view.
Found a dagger.
Grinder shouts!
You block the ball python's attack. The ball python completely misses you.
You slash the ball python!
You kill the ball python!
Grinder blinks!
You feel very mighty all of a sudden.
Grinder blinks!
Grinder hits you!
You see here a ball python corpse.
You closely miss Grinder. Grinder gestures at you.
Pain shoots through your body! Grinder gestures at you.
You suddenly lose the ability to move!
Grinder hits you but does no damage. Grinder hits you.
You writhe in agony.
Grinder hits you!
* * * LOW HITPOINT WARNING * * *
You writhe in agony.
* * * LOW HITPOINT WARNING * * *
Grinder completely misses you. Grinder hits you but does no damage.
Grinder hits you but does no damage.
You can move again.
Grinder blinks!
You are too injured to fight recklessly!
Grinder hits you but does no damage.
You closely miss Grinder. Your headbutt misses Grinder.
Grinder says, "What is the universe for?"
Grinder hits you but does no damage.
You completely miss Grinder. Grinder completely misses you. Grinder hits you.
* * * LOW HITPOINT WARNING * * *
You writhe in agony.
You die...

.... )... ##..# ##..##
.... ......
#..##....#.
#.......... #...#
#.......... #...#
#..†....... #...#
#..######## #...#
#@........ # #...#
#5#######. #.#...#
#.#.....# ##.##.#...#
#.......#
..........######.#####
##.##.#.#<...)...# #.
#.#.#.######## #.
#.#.#.. ..#
#.##.#.########.#


You could see Grinder.

Vanquished Creatures
  A gnoll (D:1)
  2 worms (D:2)
  A dart slug (D:1)
  4 orcs (D:3)
  6 ball pythons
  8 bats
  7 endoplasms
  3 goblins
  5 hobgoblins
  10 jackals (D:1)
  A quokka (D:1)
  4 frilled lizards
  3 kobolds
  7 rats
62 creatures vanquished.

Vanquished Creatures (others)
  A fungus (D:1)
1 creature vanquished.

Grand Total: 63 creatures vanquished

Notes
Turn   | Place    | Note
-------+----------+-------------------------------------------
     0 | D:1      | iwittbrodt the Minotaur Fighter began the quest for the
                  | Orb.
     0 | D:1      | Reached XP level 1. HP: 19/19 MP: 0/0
    41 | D:1      | Reached XP level 2. HP: 24/27 MP: 1/1
   170 | D:1      | Found a faded altar of an unknown god.
   283 | D:1      | Got Plato's Almanac of the Blaze
   336 | D:1      | Found Wutif's Distillery.
   437 | D:1      | Reached XP level 3. HP: 33/33 MP: 2/2
  1290 | D:2      | Reached XP level 4. HP: 41/41 MP: 3/3
  1903 | D:3      | Noticed Grinder
  1908 | D:3      | Paralysed by Grinder for 7 turns
  1918 | D:3      | Slain by Grinder

Illustrated notes

Levels and vault maps discovered:
D:1:      mainiacjoe_arrival_reflecting_pool, layout_basic, serial_shops,
          nicolae_shop_behind_doors, shapermc_ecumenical_altar_rom_forum
D:2:      layout_rooms, minmay_tripent
D:3:      layout_basic, wad_orctagon, uniq_grinder

Skill      XL: |  1  2  3 |
---------------+----------+-----
Fighting       | 4 |  4.8
Shields        | 4 |  4.3
Armour         | 4 |  4.3
Long Blades    | 3 |  3.2

Action                   |  1- 3 |  4- 6 || total
-------------------------+-------+-------++-------
Melee: Long sword        |    97 |    36 ||   133
       Headbutt          |    13 |     5 ||    18
Throw: Stone             |     2 |     3 ||     5
  Use: Potion            |       |     1 ||     1
Armor: Scale mail        |    41 |    25 ||    66
Dodge: Dodged            |    39 |    10 ||    49
Block: Kite shield       |    60 |    22 ||    82
       Rpst.: Long sword |     7 |     3 ||    10
